NCAA
TEXAS TECH RED RAIDERS @ OREGON DUCKS
04/02/2028
 
TOP OF THE 1ST
Texas Tech Red Raiders batting - Pitching for Oregon Ducks : RHP Sergio Pérez
Pitching: RHP Sergio Pérez
Batting: RHB Gilberto Bautista 0-0: Foul Ball, location: 2F
0-1: Bunt for hit - play at first, batter OUT! 2-3
Batting: RHB Rodrigo Castillo 0-0: Ball
1-0: Called Strike
1-1: SINGLE (Groundball, 34D)
Batting: LHB Terry Neal 0-0: Called Strike
0-1: Foul Ball, location: 2F
0-2: Ball
Rodrigo Castillo steals 2nd base
1-2: Foul Ball, location: 2F
1-2: Ball
2-2: Foul Ball, location: 2F
2-2: Fly out, F4 (Popup, 4D)
Batting: LHB Arthur Guzmán 0-0: Foul Ball, location: 2F
0-1: Ball
1-1: Foul Ball, location: 2F
1-2: Strikes out swinging
Top of the 1st over - 0 run(s), 1 hit(s), 0 error(s), 1 left on base; Texas Tech 0 - Oregon 0
BOTTOM OF THE 1ST
Oregon Ducks batting - Pitching for Texas Tech Red Raiders : RHP Ismael Cantú
Pitching: RHP Ismael Cantú
Batting: LHB Peter Rodgers 0-0: SINGLE (Line Drive, 8RS)
Batting: RHB Sean Smith 0-0: Ball
1-0: Swinging Strike
1-1: Foul Ball, location: 2F
1-2: Strikes out swinging
Batting: RHB Artie Mills 0-0: Ball
1-0: Called Strike
1-1: Grounds into double play, 5-4-3 (Groundball, 56)
Bottom of the 1st over - 0 run(s), 1 hit(s), 0 error(s), 0 left on base; Texas Tech 0 - Oregon 0
TOP OF THE 2ND
Texas Tech Red Raiders batting - Pitching for Oregon Ducks : RHP Sergio Pérez
Batting: RHB Nick McIntyre 0-0: Ground out 5-3 (Groundball, 56)
Batting: RHB Sam Lynch 0-0: Ball
1-0: Fly out, F4 (Popup, 4S)
Batting: RHB David Walker 0-0: Ball
1-0: Ball
2-0: Called Strike
2-1: Called Strike
2-2: Foul Ball, location: 2F
2-2: Ball
3-2: Strikes out swinging
Top of the 2nd over - 0 run(s), 0 hit(s), 0 error(s), 0 left on base; Texas Tech 0 - Oregon 0
BOTTOM OF THE 2ND
Oregon Ducks batting - Pitching for Texas Tech Red Raiders : RHP Ismael Cantú
Batting: RHB Raúl González 0-0: Ground out 5-3 (Groundball, 5S)
Batting: RHB Michael Heller 0-0: Called Strike
0-1: SINGLE (Groundball, 56D)
Batting: LHB Jerry López 0-0: Fielders Choice at 2nd, 1-6 (Groundball, 13)
Batting: RHB José Vega 0-0: Called Strike
0-1: Swinging Strike
0-2: Ball
1-2: Fielders Choice at 2nd, 6-4 (Groundball, 6)
Bottom of the 2nd over - 0 run(s), 1 hit(s), 0 error(s), 0 left on base; Texas Tech 0 - Oregon 0
TOP OF THE 3RD
Texas Tech Red Raiders batting - Pitching for Oregon Ducks : RHP Sergio Pérez
Batting: RHB Wayne Hanson 0-0: Swinging Strike
0-1: Foul Ball, location: 2F
0-2: Ball
1-2: Ball
2-2: Ball
3-2: Fly out, F8 (Flyball, 8LM)
Batting: RHB Ángel Herrera 0-0: Called Strike
0-1: SOLO HOME RUN (Flyball, 9D), Distance : 356 ft
Batting: RHB Gilberto Bautista 0-0: Ball
1-0: Ball
2-0: Swinging Strike
2-1: SINGLE (Flyball, 8RS)
Batting: RHB Rodrigo Castillo 0-0: Ball
1-0: Called Strike
1-1: Swinging Strike
1-2: Fielders Choice at 2nd, 1-4 (Groundball, 15S)
Batting: LHB Terry Neal 0-0: Called Strike
0-1: Called Strike
0-2: Ball
1-2: Foul Ball, location: 2F
1-2: SINGLE (Line Drive, 89M)
Rodrigo Castillo to second
Batting: LHB Arthur Guzmán 0-0: Called Strike
0-1: Ball
1-1: Called Strike
1-2: Ball
2-2: Fielders Choice at 2nd, 6-4 (Groundball, 6)
Top of the 3rd over - 1 run(s), 3 hit(s), 0 error(s), 1 left on base; Texas Tech 1 - Oregon 0
BOTTOM OF THE 3RD
Oregon Ducks batting - Pitching for Texas Tech Red Raiders : RHP Ismael Cantú
Batting: RHB Jason Wheeler 0-0: Foul Ball, location: 2F
0-1: Ball
1-1: Ball
2-1: Foul Ball, location: 2F
2-2: Ground out 2-3 (Groundball, 2L)
Batting: RHB Diego Molina 0-0: Ball
1-0: Called Strike
1-1: Swinging Strike
1-2: Strikes out looking
Batting: LHB Peter Rodgers 0-0: Ball
1-0: SINGLE (Line Drive, 78S)
Batting: RHB Sean Smith 0-0: Ball
Peter Rodgers steals 2nd base
1-0: Called Strike
1-1: Foul Ball, location: 2F
1-2: Strikes out swinging
Bottom of the 3rd over - 0 run(s), 1 hit(s), 0 error(s), 1 left on base; Texas Tech 1 - Oregon 0
TOP OF THE 4TH
Texas Tech Red Raiders batting - Pitching for Oregon Ducks : RHP Sergio Pérez
Batting: RHB Nick McIntyre 0-0: Ball
1-0: Ground out 4-3 (Groundball, 4)
Batting: RHB Sam Lynch 0-0: Called Strike
0-1: Foul Ball, location: 2F
0-2: Ball
1-2: Ball
2-2: Strikes out swinging
Batting: RHB David Walker 0-0: Ball
1-0: Called Strike
1-1: Ball
2-1: Called Strike
2-2: Fly out, F9 (Flyball, 9)
Top of the 4th over - 0 run(s), 0 hit(s), 0 error(s), 0 left on base; Texas Tech 1 - Oregon 0
BOTTOM OF THE 4TH
Oregon Ducks batting - Pitching for Texas Tech Red Raiders : RHP Ismael Cantú
Batting: RHB Artie Mills 0-0: Ball
1-0: Ball
2-0: Called Strike
2-1: Ball
3-1: Swinging Strike
3-2: Foul Ball, location: 2F
3-2: Base on Balls
Batting: RHB Raúl González 0-0: TRIPLE (Line Drive, 89M)
Artie Mills scores
Batting: RHB Michael Heller 0-0: Ground out 5-3 (Groundball, 56S)
Raúl González scores
Batting: LHB Jerry López 0-0: Ball
1-0: Foul Ball, location: 2F
1-1: Foul Ball, location: 2F
1-2: Ball
2-2: Ball
3-2: Base on Balls
Batting: RHB José Vega 0-0: Called Strike
0-1: Ball
1-1: Called Strike
1-2: Ball
2-2: Fly out, F6 (Line Drive, 6)
Batting: RHB Jason Wheeler 0-0: Called Strike
0-1: Foul Ball, location: 2F
0-2: Ball
1-2: Ball
2-2: Ball
3-2: Foul Ball, location: 2F
3-2: Ground out 6-3 (Groundball, 6)
Bottom of the 4th over - 2 run(s), 1 hit(s), 0 error(s), 1 left on base; Texas Tech 1 - Oregon 2
TOP OF THE 5TH
Texas Tech Red Raiders batting - Pitching for Oregon Ducks : RHP Sergio Pérez
Batting: RHB Wayne Hanson 0-0: Ball
1-0: Ball
2-0: Ball
3-0: Called Strike
3-1: Foul Ball, location: 2F
3-2: Base on Balls
Batting: RHB Ángel Herrera 0-0: Called Strike
0-1: Ball
1-1: Called Strike
1-2: Ground out 5-3 (Groundball, 56S)
Wayne Hanson to second
Batting: RHB Gilberto Bautista 0-0: Ball
1-0: Fly out, F9 (Flyball, 9LS)
Batting: RHB Rodrigo Castillo 0-0: Called Strike
0-1: Swinging Strike
0-2: Ball
1-2: Ball
2-2: Ball
3-2: SINGLE (Groundball, 34D)
Wayne Hanson to third
Wayne Hanson scores
Pitching: RHP Wally O'Dowling
Batting: LHB Terry Neal 0-0: Ball
1-0: Ball
2-0: Ball
3-0: Called Strike
3-1: Called Strike
3-2: SINGLE (Groundball, 6D)
Rodrigo Castillo to second
Rodrigo Castillo to third
Batting: LHB Arthur Guzmán 0-0: Ball
1-0: Ball
2-0: Ball
3-0: Base on Balls
Terry Neal to second
Batting: RHB Nick McIntyre 0-0: Called Strike
0-1: Swinging Strike
0-2: Fielders Choice at 2nd, 6-4 (Groundball, 56)
Top of the 5th over - 1 run(s), 2 hit(s), 0 error(s), 2 left on base; Texas Tech 2 - Oregon 2
BOTTOM OF THE 5TH
Oregon Ducks batting - Pitching for Texas Tech Red Raiders : RHP Ismael Cantú
Batting: RHB Diego Molina 0-0: Foul Ball, location: 2F
0-1: Ball
1-1: Fly out, F7 (Flyball, 78XD)
Batting: LHB Peter Rodgers 0-0: SINGLE (Line Drive, 6MD)
Batting: RHB Sean Smith 0-0: Ball
1-0: Swinging Strike
1-1: Called Strike
1-2: Foul Ball, location: 2F
1-2: Fly out, F8 (Flyball, 8LM)
Batting: RHB Artie Mills 0-0: Called Strike
Peter Rodgers steals 2nd base
0-1: Ball
1-1: Foul Ball, location: 2F
1-2: Strikes out swinging
Bottom of the 5th over - 0 run(s), 1 hit(s), 0 error(s), 1 left on base; Texas Tech 2 - Oregon 2
TOP OF THE 6TH
Texas Tech Red Raiders batting - Pitching for Oregon Ducks : RHP Wally O'Dowling
Batting: RHB Sam Lynch 0-0: Swinging Strike
0-1: SINGLE (Groundball, 56D)
Batting: RHB David Walker 0-0: Ball
1-0: Foul Ball, location: 2F
1-1: Foul Ball, location: 2F
1-2: Strikes out swinging
Batting: RHB Wayne Hanson 0-0: Ball
1-0: Ball
2-0: Ball
3-0: Called Strike
3-1: Fielders Choice at 2nd, 5-4 (Groundball, 5)
Batting: RHB Ángel Herrera 0-0: Ball
1-0: Ball
2-0: Foul Ball, location: 2F
2-1: Ball
3-1: Base on Balls
Wayne Hanson to second
Batting: RHB Gilberto Bautista 0-0: Foul Ball, location: 2F
0-1: Foul Ball, location: 2F
0-2: Ball
1-2: Foul Ball, location: 2F
1-2: Foul Ball, location: 2F
1-2: Foul Ball, location: 2F
1-2: Ball
2-2: Strikes out swinging
Top of the 6th over - 0 run(s), 1 hit(s), 0 error(s), 2 left on base; Texas Tech 2 - Oregon 2
BOTTOM OF THE 6TH
Oregon Ducks batting - Pitching for Texas Tech Red Raiders : RHP Ismael Cantú
Batting: RHB Raúl González 0-0: Ball
1-0: Swinging Strike
1-1: Ball
2-1: Ground out U3 (Groundball, 3S)
Batting: RHB Michael Heller 0-0: Called Strike
0-1: Foul Ball, location: 2F
0-2: Ball
1-2: Ground out 5-3 (Groundball, 56S)
Batting: LHB Jerry López 0-0: SINGLE (Flyball, 8LS)
Pitching: RHP Willis Ladner
Batting: RHB José Vega 0-0: Ball
1-0: Foul Ball, location: 2F
1-1: Fly out, F8 (Flyball, 78D)
Bottom of the 6th over - 0 run(s), 1 hit(s), 0 error(s), 1 left on base; Texas Tech 2 - Oregon 2
TOP OF THE 7TH
Texas Tech Red Raiders batting - Pitching for Oregon Ducks : RHP Wally O'Dowling
Batting: RHB Rodrigo Castillo 0-0: Ground out 6-3 (Groundball, 6)
Batting: LHB Terry Neal 0-0: Ball
1-0: Ball
2-0: Ball
3-0: Called Strike
3-1: Swinging Strike
3-2: Strikes out swinging
Batting: LHB Arthur Guzmán 0-0: Ball
1-0: Ball
2-0: Called Strike
2-1: Ground out 4-3 (Groundball, 34)
Top of the 7th over - 0 run(s), 0 hit(s), 0 error(s), 0 left on base; Texas Tech 2 - Oregon 2
BOTTOM OF THE 7TH
Oregon Ducks batting - Pitching for Texas Tech Red Raiders : RHP Willis Ladner
Pinch Hitting: RHB Ben Donnelly 0-0: Called Strike
0-1: Ball
1-1: Ball
2-1: Ball
3-1: Base on Balls
Batting: RHB Diego Molina 0-0: Bunt missed!
0-1: Ball
1-1: Bunted foul
1-2: Ball
2-2: Strikes out swinging
Batting: LHB Peter Rodgers 0-0: Ball
1-0: Ball
Wild Pitch!
Ben Donnelly to second
2-0: Ball
3-0: Base on Balls
Batting: RHB Sean Smith 0-0: Called Strike
0-1: Ball
1-1: SINGLE (Groundball, 4MD)
Ben Donnelly to third
Peter Rodgers to second
Runner from 3rd tries for Home, SAFE, throw made home
Batting: RHB Artie Mills 0-0: Ball
1-0: Ball
2-0: Ball
3-0: Called Strike
3-1: Base on Balls
Peter Rodgers to third
Sean Smith to second
Batting: RHB Raúl González 0-0: Called Strike
0-1: Called Strike
0-2: Ball
1-2: Ball
2-2: Ball
3-2: Base on Balls
Peter Rodgers scores
Sean Smith to third
Artie Mills to second
Pitching: LHP Joe Cunningham
Batting: RHB Michael Heller 0-0: Called Strike
0-1: Ball
1-1: Ball
2-1: Ball
3-1: Swinging Strike
3-2: Strikes out swinging
Batting: LHB Jerry López 0-0: Ground out 6-3 (Groundball, 6S)
Bottom of the 7th over - 2 run(s), 1 hit(s), 0 error(s), 3 left on base; Texas Tech 2 - Oregon 4
TOP OF THE 8TH
Texas Tech Red Raiders batting - Pitching for Oregon Ducks : RHP Wally O'Dowling
Now at 1B: Ben Donnelly
Batting: RHB Nick McIntyre 0-0: Ball
1-0: Ball
2-0: Ground out 4-3 (Groundball, 4)
Pitching: LHP Chad Waterman
Batting: RHB Sam Lynch 0-0: Ball
1-0: SINGLE (Line Drive, 56D)
Pitching: RHP Vincente Ferreira
Batting: RHB David Walker 0-0: Swinging Strike
0-1: Foul Ball, location: 2F
0-2: Hit by Pitch
Sam Lynch to second
Batting: RHB Wayne Hanson 0-0: Called Strike
0-1: Fly out, F9 (Flyball, 9S)
Batting: RHB Ángel Herrera 0-0: Ball
1-0: Ball
2-0: Ball
3-0: Base on Balls
Sam Lynch to third
David Walker to second
Batting: RHB Gilberto Bautista 0-0: Called Strike
0-1: Swinging Strike
0-2: Strikes out swinging
Top of the 8th over - 0 run(s), 1 hit(s), 0 error(s), 3 left on base; Texas Tech 2 - Oregon 4
BOTTOM OF THE 8TH
Oregon Ducks batting - Pitching for Texas Tech Red Raiders : LHP Joe Cunningham
Batting: RHB José Vega 0-0: Ball
1-0: Called Strike
1-1: Ball
2-1: Ball
3-1: Foul Ball, location: 2F
3-2: SOLO HOME RUN (Flyball, 7D), Distance : 345 ft
Batting: RHB Ben Donnelly 0-0: Ball
1-0: Foul Ball, location: 2F
1-1: Swinging Strike
1-2: Strikes out looking
Batting: RHB Diego Molina 0-0: Ball
1-0: Fly out, F9 (Flyball, 9)
Batting: LHB Peter Rodgers 0-0: Ball
1-0: SINGLE (Line Drive, 8LS)
Batting: RHB Sean Smith 0-0: Ball
1-0: Called Strike
Peter Rodgers steals 2nd base
1-1: Ball
2-1: Foul Ball, location: 2F
2-2: Ball
3-2: SINGLE (Line Drive, 56)
Peter Rodgers to third
Peter Rodgers scores
Pitching: RHP Benton Wilkerson
Batting: RHB Artie Mills 0-0: Called Strike
0-1: Ball
Sean Smith steals 2nd base
1-1: Ground out 5-3 (Groundball, 56S)
Bottom of the 8th over - 2 run(s), 3 hit(s), 0 error(s), 1 left on base; Texas Tech 2 - Oregon 6
TOP OF THE 9TH
Texas Tech Red Raiders batting - Pitching for Oregon Ducks : RHP Vincente Ferreira
Batting: RHB Rodrigo Castillo 0-0: Ball
1-0: Swinging Strike
1-1: Foul Ball, location: 2F
1-2: Ball
2-2: Ball
3-2: SINGLE (Line Drive, 78M)
Batting: LHB Terry Neal 0-0: Ball
Passed Ball!
Rodrigo Castillo to second
1-0: Foul Ball, location: 2F
1-1: Fly out, F7 (Flyball, 7LM)
Batting: LHB Arthur Guzmán 0-0: Ball
1-0: Ball
2-0: Ball
3-0: Called Strike
3-1: Base on Balls
Pitching: RHP Larry Messer
Batting: RHB Nick McIntyre 0-0: Grounds into double play, 4-6-3 (Groundball, 4)
Top of the 9th over - 0 run(s), 1 hit(s), 0 error(s), 1 left on base; Texas Tech 2 - Oregon 6
Tuesday, August 8th, 2017 - OOTP Baseball 17.12 Build 75